 Dungeon Crawl Stone Soup version 0.21.0-25-ge575cb9 (webtiles) character file.

37 tidbits the Sneak (level 3, 0/31 HPs)
             Began as a Gnoll Assassin on Jan 25, 2018.
             Was an Initiate of Cheibriados.
             Slain by a goblin (2 damage)
             ... on level 2 of the Dungeon.
             The game lasted 00:02:59 (192 turns).

tidbits the Sneak (Gnoll Assassin)                   Turns: 192, Time: 00:03:00

Health: 0/31       AC:  3    Str: 14    XL:     3   Next: 39%
Magic:  3/4        EV: 13    Int: 15    God:    Cheibriados [......]
Gold:   18         SH:  0    Dex: 17    Spells: 3/3 levels left

rFire    . . .     SeeInvis .   a - +2 dagger
rCold    . . .     Gourm    .   (no shield)
rNeg     . . .     Faith    .   c - +0 robe
rPois    .         Spirit   .   (no helmet)
rElec    .         Reflect  .   d - +0 cloak
rCorr    .         Harm     .   (no gloves)
MR       .....                  (no boots)
Stlth    ++++......             (no amulet)
HPRegen  0.10/turn              (no ring)
MPRegen  0.09/turn              (no ring)

@: flying, very slow
A: distributed training, fangs 1, strong nose
a: Bend Time, Renounce Religion


You were on level 2 of the Dungeon.
You worshipped Cheibriados.
Cheibriados was noncommittal.
You were not hungry.

You visited 1 branch of the dungeon, and saw 2 of its levels.

You collected 18 gold pieces.

Inventory:

Hand Weapons
 a - a +2 dagger (weapon)
 b - a +0 blowgun
 m - a +2 flail of holy wrath
   (You found it on level 2 of the Dungeon)
Missiles
 e - 6 poisoned needles
 i - 14 stones (quivered)
Armour
 c - a +0 robe (worn)
 d - a +0 cloak (worn)
Jewellery
 l - an uncursed ring of ice
   (You found it on level 2 of the Dungeon)
Scrolls
 j - a scroll of teleportation {unknown}
 k - a scroll of magic mapping {unknown}
Comestibles
 g - 2 rations


   Skills:
 + Level 4.5 Fighting
 + Level 4.5 Short Blades
 + Level 0.7 Long Blades
 + Level 0.7 Axes
 + Level 0.7 Maces & Flails
 + Level 0.7 Polearms
 + Level 0.7 Staves
 + Level 0.7 Slings
 + Level 0.7 Bows
 + Level 0.7 Crossbows
 + Level 4.5 Throwing
 + Level 0.7 Armour
 + Level 2.6 Dodging
 + Level 7.8 Stealth
 + Level 0.7 Shields
 + Level 0.7 Unarmed Combat
 + Level 0.7 Spellcasting
 + Level 0.5 Conjurations
 + Level 0.5 Hexes
 + Level 0.5 Charms
 + Level 0.5 Summonings
 + Level 0.5 Necromancy
 + Level 0.5 Translocations
 + Level 0.5 Transmutations
 + Level 0.5 Fire Magic
 + Level 0.5 Ice Magic
 + Level 0.5 Air Magic
 + Level 0.5 Earth Magic
 + Level 0.5 Poison Magic
 + Level 0.9 Invocations
 + Level 0.7 Evocations


You had 3 spell levels left.
You didn't know any spells.

Dungeon Overview and Level Annotations

Branches:
Dungeon (2/15)

Altars:
Cheibriados
Elyvilon


Innate Abilities, Weirdness & Mutations

Your experience applies equally to all skills.
You have very sharp teeth.
Your uncanny sense of smell can sniff out nearby items.


Message History

A worker ant comes into view.
The goblin shouts!
The worker ant twitches its antennae in your direction.
The ball python moves out of view.
Found a scroll labeled ESKYTO RUEMELU and a purple potion.
There is a fountain of clear blue water here.
The jackal bites you.
* * * LOW HITPOINT WARNING * * *
It was a potion of flight.
You feel very buoyant.
You fly up into the air.
The hobgoblin shouts!
You hear a bark!
The jackal barely misses you.
A jackal comes into view.
The worker ant barely misses you. The worker ant bites you.
* * * LOW HITPOINT WARNING * * *
The worker ant completely misses you.
The jackal bites you but does no damage.
The jackal closely misses you. The jackal completely misses you.
The worker ant barely misses you.
Things that are here:
a club; a hobgoblin corpse The worker ant bites you.
* * * LOW HITPOINT WARNING * * *
Wield which item (- for none, * to show all)? (? for menu, Esc to quit)
b - a +0 blowgun (weapon)
Firing (i - inventory. (,) - cycle):
e - 8 poisoned needles (quivered)
Press: ? - help, Shift-Dir - straight line, f - jackal
Aim: a jackal You shoot a poisoned needle.
The poisoned needle closely misses the worker ant.
The poisoned needle hits the jackal!
The jackal is poisoned.
The worker ant misses you.
Firing (i - inventory. (,) - cycle):
e - 7 poisoned needles (quivered)
Press: ? - help, Shift-Dir - straight line, f - jackal, p - jackal
Aim: a jackal You shoot a poisoned needle.
The poisoned needle hits the worker ant.
The worker ant is poisoned.
The worker ant barely misses you.
Quiver which item? (- for none, * to show all) (? for menu, Esc to quit)
Quivering
f - 2 curare-tipped needles for blowguns.
Firing (i - inventory. (,) - cycle):
f - 2 curare-tipped needles (quivered)
Press: ? - help, Shift-Dir - straight line, f/p - jackal
Aim: a jackal You shoot a curare-tipped needle.
The curare-tipped needle hits the worker ant.
The worker ant looks even sicker.
The worker ant convulses.
The worker ant seems to slow down.
The worker ant is heavily wounded.
The worker ant barely misses you.
You kill the worker ant!
Cheibriados appreciates the change of pace.
You have reached level 3!
Your experience leads to an increase in your attributes!
Your base attributes are Str 13, Int 13, Dex 16.
Increase (S)trength, (I)ntelligence, or (D)exterity?
You feel clever.
Firing (i - inventory. (,) - cycle):
f - a curare-tipped needle (quivered)
Press: ? - help, Shift-Dir - straight line, f - goblin
Aim: a goblin You shoot a curare-tipped needle.
The curare-tipped needle hits the jackal.
The jackal looks as sick as possible!
The jackal convulses.
You kill the jackal!
Cheibriados appreciates the change of pace.
Wield which item (- for none, * to show all)? (? for menu, Esc to quit)
a - a +2 dagger (weapon)
You aren't carrying any potions.
You hit the jackal. Your bite misses the jackal.
The jackal is severely wounded.
The jackal barely misses you.
You hit the jackal. Your bite misses the jackal.
The jackal is severely wounded.
The jackal barely misses you.
You completely miss the jackal. Your bite misses the jackal.
The jackal is severely wounded.
The jackal bites you.
* * * LOW HITPOINT WARNING * * *
The jackal closely misses you.
You hit the jackal.
You kill the jackal!
Cheibriados thoroughly appreciates the change of pace.
You hit the jackal.
The jackal is almost dead.
The jackal barely misses you.
You hit the jackal but do no damage.
The jackal is almost dead.
The jackal closely misses you. x2
You hit the jackal but do no damage. Your punch misses the jackal.
Your bite misses the jackal.
The jackal is severely wounded.
The jackal barely misses you.
You hit the jackal.
You kill the jackal!
Cheibriados thoroughly appreciates the change of pace.
You hit the goblin. You bite the goblin, but do no damage.
The goblin is moderately wounded.
The goblin hits you.
You die...

##........#.[.... #.#
#.######.#.##### #.# #.#
#.#.# #.# ###.# #....
#.# #...# .....> #.#
#.### .###..# #.# #.#
......# #.#
#.######.####S# #.#####
#@##..........
#.†≈≈.###g##.#$#.#.#.#.
##≈≈≈≈≈.##h##...h.......
#_≈≈.≈≈...g(....⌠.....⌠.
##≈≈≈≈≈....#h......_...?
##≈≈≈.#...##...⌠.....⌠.
#######...##..........!
#............#.#.#.#.#.
#.######.###...........


You could see a jackal, a hobgoblin and a goblin.

Vanquished Creatures
  A worker ant (D:2)
  2 dart slugs (D:2)
  A bat (D:2)
  A hobgoblin (D:2)
  3 jackals (D:2)
  A ball python (D:2)
  A frilled lizard (D:2)
10 creatures vanquished.

Notes
Turn   | Place    | Note
-------+----------+-------------------------------------------
     0 | D:1      | tidbits the Gnoll Assassin began the quest for the Orb.
     0 | D:1      | Reached XP level 1. HP: 20/20 MP: 1/1
   134 | D:2      | Found a snail-covered altar of Cheibriados.
   143 | D:2      | Reached XP level 2. HP: 13/26 MP: 2/2
   149 | D:2      | Became a worshipper of Cheibriados the Contemplative
   164 | D:2      | Found a white marble altar of Elyvilon.
   176 | D:2      | HP: 2/26 [worker ant (4)]
   181 | D:2      | Reached XP level 3. HP: 2/31 MP: 3/3
   186 | D:2      | HP: 2/31 [jackal (1)]
   192 | D:2      | Slain by a goblin

Action                   || total
-------------------------++-------
Melee: Dagger            ||    25
       Bite              ||     4
 Fire: Blowgun           ||     4
  Use: Potion            ||     1
Armor: Robe              ||     3
Dodge: Dodged            ||    29

Table legend:
 A = Turns spent in this place as a percentage of turns spent in the entire game.
 B = Non-inter-level travel turns spent in this place as a percentage of non-inter-level travel turns spent in the entire game.
 C = Inter-level travel turns spent in this place as a percentage of turns spent in this place.
 D = Turns resting spent in this place as a percentage of non-inter-level travel turns spent in this place.
 E = Turns spent auto-exploring this place as a percentage of non-inter-level travel turns spent in this place.
 F = Non-inter-level travel turns spent in this place divided by the number of levels of this place that you've seen.
                   A       B       C       D       E      F
               +-------+-------+-------+-------+-------+----------------------
         Total | 100.0 | 100.0 |   0.0 |   0.0 |   0.0 |  96.0
       Dungeon | 100.0 | 100.0 |   0.0 |   0.0 |   0.0 |  96.0
               +-------+-------+-------+-------+-------+----------------------

Table legend:
 A = Kills in this place as a percentage of kills in entire the game.
 B = Kills by you in this place as a percentage of kills by you in the entire game.
 C = Kills by friends in this place as a percentage of kills by friends in the entire game.
 D = Other kills in this place as a percentage of other kills in the entire game.
 E = Experience gained in this place as a percentage of experience gained in the entire game.
 F = Experience gained in this place divided by the number of levels of this place that you have seen.
                   A       B       C       D       E      F
               +-------+-------+-------+-------+-------+----------------------
         Total | 100.0 | 100.0 |   N/A |   N/A | 100.0 |  26.5
       Dungeon | 100.0 | 100.0 |   N/A |   N/A | 100.0 |  26.5
               +-------+-------+-------+-------+-------+----------------------

Vault maps used:
D:1:      onia_arrival_mini_spirals, serial_bayou_lagoon_a
D:2:      lemuel_zombie_altar_yredelemnul, kennysheep_slug_shrine,
          nicolae_overflow_hidden_temple, first_ration, elyvilon_altar_5
